 Dungeon Crawl Stone Soup version 0.19-a0-994-g3c636f0 (webtiles) character file.

32 4thArraOfDagon the Firebug (level 3, -1/19 HPs)
             Began as a Deep Elf Fire Elementalist on July 17, 2016.
             Slain by an orc
             ... wielding a +0 flail
              (8 damage)
             ... on level 3 of the Dungeon.
             The game lasted 00:02:03 (312 turns).

4thArraOfDagon the Firebug (DEFE)                    Turns: 312, Time: 00:02:04

Health: -1/19      AC:  2    Str:  5    XL:     3   Next: 8%
Magic:  3/9        EV: 13    Int: 20    God:
Gold:   34         SH:  0    Dex: 15    Spells: 2 memorised, 4 levels left

rFire  . . .     SeeInvis .     l - +0 short sword
rCold  . . .     Gourm    .     a - +0 robe
rNeg   . . .     Faith    .     (no shield)
rPois  .         Spirit   .     (no helmet)
rElec  .         Dismiss  .     (no cloak)
rCorr  .         Reflect  .     (no gloves)
SustAt .         Harm     .     (no boots)
MR     .....                    (no amulet)
Stlth  ++........               (no ring)
                                (no ring)

@: not resistant to hostile enchantments, unstealthy
A: no striking features
a: no special abilities


You were on level 3 of the Dungeon.
You were not hungry.

You visited 1 branch of the dungeon, and saw 3 of its levels.

You collected 34 gold pieces.

Inventory:

Hand Weapons
 f - a +0 club
 h - a +0 mace
 l - a +0 short sword (weapon)
Armour
 a - a +0 robe (worn)
Scrolls
 d - a scroll of blinking {unknown}
 g - a scroll of teleportation {unknown}
 j - 2 scrolls of identify {unknown}
 k - 3 scrolls of amnesia {unknown}
 m - a scroll of magic mapping {unknown}
 n - a scroll of recharging {unknown}
 o - a scroll of remove curse {unknown}
Potions
 e - a potion of degeneration {unknown}
 i - a potion of curing {unknown}
Books
 b - a book of Flames

   Spells                             Type                      Level
   a - Flame Tongue                   Conjuration/Fire             1
   b - Throw Flame                    Conjuration/Fire             2
   c - Conjure Flame                  Conjuration/Fire             3
   d - Inner Flame                    Hexes/Fire                   3
   e - Sticky Flame                   Conjuration/Fire             4
   f - Fireball                       Conjuration/Fire             5
Comestibles
 c - 2 bread rations


   Skills:
 - Level 2.4 Dodging
 - Level 2.4 Stealth
 + Level 3.2 Spellcasting
 * Level 2.1 Conjurations
 * Level 4.1 Fire Magic


You had 4 spell levels left.
You knew the following spells:

 Your Spells              Type           Power        Failure   Level  Hunger
a - Flame Tongue          Conj/Fire      ###..        4%          1    None
b - Conjure Flame         Conj/Fire      ###.....     14%         3    ###....


Dungeon Overview and Level Annotations

Branches:
Dungeon (3/15)

Altars:


Message History

The flame tongue hits the orc.
The orc appears unharmed.
The orc is heavily wounded.
The orc closely misses you.
Casting: Flame Tongue
Confirm with . or Enter, or press ? or * to list all spells.
Aiming: Flame Tongue
Press: ? - help, Shift-Dir - straight line, f/p - orc
Aim: an orc, wielding a flail and wearing a ring mail (heavily wounded)
The flame tongue hits the orc.
The orc is heavily wounded.
The orc hits you with a flail.
Casting: Flame Tongue
Confirm with . or Enter, or press ? or * to list all spells.
Aiming: Flame Tongue
Press: ? - help, Shift-Dir - straight line, f/p - orc
Aim: an orc, wielding a flail and wearing a ring mail (heavily wounded)
The flame tongue hits the orc.
The orc appears unharmed.
The orc is heavily wounded.
The orc hits you with a flail!
You die...

.# .. .# ####.# .#
#....#
#############.####
.........#.......#
..######.#.#####.# #
..P## ##.#.#####.###.#
♣P..###.......##.....#
♣♣P......#.###.#@#####
.P..####..## #oo#
.P..##...##
####.###### ..♣..#.#.#
#..o......# .♣.♣PP...#
♣.♣..####.# . ♣♣♣..##.
# #...# . P..# # ♣.♣.#
♣...# .....# ....#
♣o♣.♣##


You could see 3 orcs.

Vanquished Creatures
  An adder (D:2)
  A worm (D:3)
  A giant gecko (D:3)
  A giant cockroach (D:1)
  7 goblins
  A quokka (D:2)
  2 bats (D:2)
  A giant newt (D:1)
  A kobold (D:3)
  2 rats
18 creatures vanquished.

Notes
Turn   | Place    | Note
-------+----------+-------------------------------------------
     0 | D:1      | 4thArraOfDagon the Deep Elf Fire Elementalist began the quest for the Orb.
     0 | D:1      | Reached XP level 1. HP: 10/10 MP: 6/6
    88 | D:2      | Reached XP level 2. HP: 9/15 MP: 0/8
   128 | D:3      | Noticed a wyvern
   183 | D:2      | Reached skill level 4 in Fire Magic
   241 | D:3      | Reached XP level 3. HP: 18/19 MP: 3/9
   246 | D:3      | Learned a level 3 spell: Conjure Flame
   312 | D:3      | Slain by an orc

Vault maps used:
D:1:      erik_arrival_orb_chamber, minmay_misc_feat_alley
D:2:      bloody_trog
D:3:      lemuel_doored_altar, first_bread, serial_forest,
          infiniplex_forest_clump_small, infiniplex_forest_clump_large,
          infiniplex_forest_lined_3_way, infiniplex_forest_clump_large,
          infiniplex_forest_lined_ring, infiniplex_forest_clump_small,
          infiniplex_forest_lined_4_way, infiniplex_forest_zigzag_1,
          infiniplex_forest_clump_double

Skill      XL: |  1  2 |
---------------+-------+-----
Conjurations   | 2 |  2.1
Fire Magic     | 4 |  4.1
Dodging        | |  2.4
Stealth        | |  2.4
Spellcasting   | |  3.2

Action                   || total
-------------------------++-------
Melee: Mace              ||     5
       Short sword       ||     5
 Cast: Flame Tongue      ||    31
 Stab: Sleeping          ||     2
Armor: Robe              ||     4
Dodge: Dodged            ||    12
